 Dungeon Crawl Stone Soup version 0.30-a0-373-gd37427bb62 (webtiles) character file.

Game seed: 11722753477825052690

7914 mopl the Basher (level 11, -1/71 HPs)
             Began as a Gargoyle Fighter on Nov 24, 2022.
             Was a High Priest of Okawaru.
             Slain by Psyche
             ... wielding a +1 dagger of distortion
              (2 damage)
             ... on level 8 of the Dungeon.
             The game lasted 00:14:30 (6437 turns).

mopl the Basher (Gargoyle Fighter)                  Turns: 6437, Time: 00:14:30

Health: -1/71      AC: 34    Str: 19    XL:     11   Next: 22%
Magic:  10/15      EV:  8    Int: 10    God:    Okawaru [*****.]
Gold:   81         SH:  6    Dex: 17    Spells: 10/10 levels left

rFire   . . .      SeeInvis .    m - +8 whip of Muemoiph {vorpal, rC+}
rCold   + . .      Faith    .    c - +0 buckler
rNeg    + + .      Spirit   .    U - +8 plate armour of the Hills {Rampage Will+ Str-2 Slay+3}
rPois   ∞          Reflect  .    k - +0 helmet
rElec   +          Harm     .    t - +0 cloak
rCorr   .          Rampage  +    (no gloves)
Will    +....                    (no boots)
Stlth   ..........               K - amulet of magic regeneration
HPRegen 0.31/turn                u - ring of positive energy
MPRegen 0.54/turn                b - +6 ring of dexterity

@: heroic, finesse-ful
A: sickness immunity, AC +8, negative energy resistance 1, electricity
resistance, torment resistance 1, petrification resistance
a: Renounce Religion, Heroism, Finesse, Duel


You were on level 8 of the Dungeon.
You worshipped Okawaru.
Okawaru was extremely pleased with you.
You visited 1 branch of the dungeon, and saw 8 of its levels.

You collected 497 gold pieces.
You spent 416 gold pieces at shops.

Inventory:

Hand Weapons
 a - a +0 flail
 d - a +3 mace of protection
 m - the +8 whip of Muemoiph (weapon) {vorpal, rC+}
   (You found it on level 3 of the Dungeon)

   It inflicts extra damage upon your enemies.
   rC:        It protects you from cold.
 N - the +5 morningstar "Afekhlid" {freeze, *Noise Will++ Str+4}
   (You took it off a centaur on level 8 of the Dungeon)

   It freezes those it strikes, dealing additional cold damage.
   It can also slow down cold-blooded creatures.
   Str:       It affects your strength (+4).
   *Noise:    It may make noises in combat.
   Will:      It greatly increases your willpower.
Missiles
 j - 2 datura-tipped darts
 o - 7 boomerangs
 H - 2 curare-tipped darts (quivered)
 O - 5 poisoned darts
 T - a silver javelin
Armour
 c - a +0 buckler (worn)
 g - a +0 troll leather armour
 k - a +0 helmet (worn)
 t - a +0 cloak (worn)
 F - a +0 tower shield
 U - the +8 plate armour of the Hills (worn) {Rampage Will+ Str-2 Slay+3}
   (Okawaru gifted it to you on level 8 of the Dungeon)

   Str:       It affects your strength (-2).
   Slay:      It affects your accuracy & damage with ranged weapons and melee
   (+3).
   Rampage:   It bestows one free step when moving towards enemies.
   Will:      It increases your willpower.
Jewellery
 b - a +6 ring of dexterity (right hand)
 u - a ring of positive energy (left hand)
 x - a ring of ice
 K - an amulet of magic regeneration (around neck)
 S - a ring of wizardry
Wands
 B - a wand of paralysis (10)
 C - a wand of mindburst (15)
 M - a wand of light (5)
Scrolls
 e - 7 scrolls of teleportation {unknown}
 h - a scroll of fog {unknown}
 l - 2 scrolls of blinking {unknown}
 n - 2 scrolls of brand weapon {unknown}
 p - a scroll of summoning {unknown}
 s - 3 scrolls of vulnerability {unknown}
 y - a scroll of poison {unknown}
 z - a scroll of fear {unknown}
 A - a scroll of noise {unknown}
 D - a scroll of enchant weapon {unknown}
 I - a scroll of magic mapping {unknown}
 Q - a scroll of acquirement {unknown}
 R - a scroll of identify
Potions
 f - 3 potions of brilliance
 i - 2 potions of lignification {!q}
 q - 4 potions of curing
 r - 2 potions of mutation {!q}
 v - 4 potions of flight
 w - a potion of berserk rage {!q}
 E - a potion of invisibility
 G - 2 potions of might
 L - 4 potions of haste
 P - a potion of ambrosia


   Skills:
 + Level 9.2(14.2) Fighting
 * Level 11.3(16.3) Maces & Flails
 + Level 4.5(9.5) Throwing
 + Level 6.6(11.6) Armour
 - Level 3.2(8.2) Shields
 + Level 5.3 Invocations
 + Level 4.5 Evocations


You had 10 spell levels left.
You didn't know any spells.
Your spell library contained the following spells:

 Spells                   Type           Power      Damage    Failure   Level
 Foxfire                  Conj/Fire      0%         2x1d4     100%        1
 Scorch                   Fire           0%         2d5       100%        2
 Inner Flame              Hex/Fire       0%         N/A       100%        3
 Flame Wave               Conj/Fire      0%         2d4       100%        4
 Sticky Flame             Conj/Fire      0%         2d3       100%        4
 Fireball                 Conj/Fire      0%         3d3       100%        5
 Silence                  Hex/Air        0%         N/A       100%        5
 Iron Shot                Conj/Erth      0%         9d1       100%        6
 Starburst                Conj/Fire      0%         6d3       100%        6
 Shatter                  Erth           0%         3d5*      100%        9
 Summon Cactus Giant      Summ           Unusable   N/A       N/A         6

Dungeon Overview and Level Annotations

Branches:
Dungeon (8/15)             Temple (0/1) D:7
   Lair: D:8-11

Altars:
Ashenzari
Elyvilon
Gozag
Makhleb
Nemelex Xobeh
Okawaru
Ru
Vehumet
Wu Jian
Xom
The Shining One

Shops:
D:5 **[(   D:7 [   D:8 !

Annotations:
D:5 2 transporters, Stoves66's ghost, weakling GnDe
D:8 Psyche


Innate Abilities, Weirdness & Mutations

You are immune to sickness and miasma.
Your stone body is resilient. (AC +8)
You are immune to poison.
You resist negative energy. (rN+)
You are resistant to electric shocks. (rElec)
You are resistant to unholy torment.
You are immune to petrification.


Message History

You feel like a meek peon again.
You see here a vampire mosquito corpse.
Things that are here:
the +5 morningstar "Afekhlid" {freeze, *Noise Will++ Str+4}; the +4 shortbow "Rawoiw" {elec, rElec}
N - the +5 morningstar "Afekhlid" {freeze, *Noise Will++ Str+4} You see here a shapeshifter corpse.
Psyche the Insane Magess comes into view.
She is wielding a +1 dagger of distortion.
Psyche shouts!
Psyche mumbles some strange words.
A swirling arc of seething chaos appears!
The arc of chaos hits you but does no damage.
You see here a hydra corpse.
You see here a shapeshifter corpse.
You start resting.
Psyche gestures wildly while chanting.
Psyche flickers and vanishes!
Deactivating autopickup; reactivate with Ctrl-A.
Okay, then.
You gain the combat prowess of a mighty hero.
Throw: 4 darts (curare)
Press: ? - help, Q - select action, (/) - cycle Shift-Dir - straight line You throw a curare-tipped dart.
Throw: 3 darts (curare)
Press: ? - help, Q - select action, (/) - cycle Shift-Dir - straight line You throw a curare-tipped dart.
You hear some strange, mumbled words.
A swirling arc of seething chaos appears!
An arc of chaos appears from out of thin air!
The arc of chaos hits you but does no damage.
You miss something. You barely miss something.
Something hits you but does no damage. Space warps horribly around you!!
* * * LOW HITPOINT WARNING * * *
Unknown command.
You feel much better. Something hits you but does no damage.
Space warps horribly around you!!
* * * LOW HITPOINT WARNING * * *
You can now deal lightning-fast blows.
You block something's attack. Something hits you.
You die...

##..###....##)#######..........#
##..####..##.)..#######.......#
##.##.##..##....'.....###....##
#.........##....######..###...#
####...#.##.##'#########....###..
#.#..###..#.##.######(.#.#....###
.....# #....#.#####..#.#..#.#...#
#..########.#####..#.#.#.#.#.#(..
#......#.#..###)@#.#†#.#..#.#...#
####........#[†#{#.#)#.#.#....##
####........###.(#.#.#T#....###
####..........###..#.#.#..###
####............###..#C.###
..................###.@##
####..#.............###.....#
####..####...#........####..C=
####..## #...............###T.


There were no monsters in sight!

Vanquished Creatures
  A hydra (D:8)
  A two-headed ogre (D:7)
  A boulder beetle (D:8)
  A cyclops (D:8)
  A troll (D:8)
  A hornet (D:8)
  A slime creature (shapeshifter) (D:8)
  A slime creature (D:8)
  3 wyverns
  3 yaks (D:8)
  A steam dragon (D:8)
  A vampire mosquito (D:8)
  3 water moccasins
  2 orc warriors
  A black bear (D:8)
  2 ice beasts
  2 sky beasts
  An ogre (D:5)
  6 centaurs
  An ogre (shapeshifter) (D:8)
  3 bullfrogs
  A necrophage (D:7)
  A scorpion (D:5)
  5 wights (D:8)
  3 jellies
  3 hounds
  3 gnoll boudas
  5 orc priests
  Terence (D:3)
  14 orc wizards
  Robin (D:2)
  18 gnolls
  11 adders
  A shadow imp (D:5)
  A white imp (D:8)
  An ufetubus (D:6)
  A worm (D:4)
  3 dart slugs
  22 orcs
  5 endoplasms
  3 giant cockroaches
  17 goblins
  7 hobgoblins
  2 jackals (D:2)
  11 kobolds
  7 quokkas
  8 ball pythons
  7 bats
  3 frilled lizards
  4 rats (D:1)
206 creatures vanquished.

Vanquished Creatures (collateral kills)
  A centaur warrior (D:8)
  A manticore (D:8)
  A howler monkey (D:8)
3 creatures vanquished.

Vanquished Creatures (others)
  A shadow (D:8)
  An ice beast (D:8)
  A bullfrog (D:8)
3 creatures vanquished.

Grand Total: 212 creatures vanquished

Notes
Turn   | Place    | Note
-------+----------+-------------------------------------------
     0 | D:1      | mopl the Gargoyle Fighter began the quest for the Orb.
     0 | D:1      | Reached XP level 1. HP: 14/14 MP: 1/1
   132 | D:1      | Reached XP level 2. HP: 19/19 MP: 2/2
   183 | D:1      | Found a faded altar of an unknown god.
   281 | D:1      | Reached skill level 3 in Maces & Flails
   281 | D:1      | Reached XP level 3. HP: 10/24 MP: 3/3
  1048 | D:2      | Reached skill level 4 in Fighting
  1053 | D:2      | Reached XP level 4. HP: 26/29 MP: 4/4
  1067 | D:2      | Noticed Robin
  1094 | D:2      | Killed Robin
  1451 | D:2      | Reached skill level 4 in Maces & Flails
  1504 | D:2      | Got the Cyclopedia of Hazy Minerals
  1548 | D:3      | Reached XP level 5. HP: 34/34 MP: 5/5
  1584 | D:3      | Identified the +8 whip of Muemoiph {vorpal, rC+}
  1674 | D:3      | Noticed Terence
  1687 | D:3      | Killed Terence
  1941 | D:4      | Reached skill level 5 in Maces & Flails
  2186 | D:4      | Reached XP level 6. HP: 30/40 MP: 6/6
  2774 | D:4      | Found a sparkling altar of Nemelex Xobeh.
  2847 | D:5      | Entered Level 5 of the Dungeon
  2860 | D:5      | Reached skill level 5 in Fighting
  2881 | D:5      | Found Peptomuk's General Store.
  2882 | D:5      | Found a transporter.
  2884 | D:5      | Bought a scroll of identify for 22 gold pieces
  3010 | D:5      | Found Igox's Antique Armour Shoppe.
  3034 | D:5      | Found Obbeu's Antique Weapon Shop.
  3048 | D:5      | Noticed an ice beast
  3054 | D:5      | Killed an ice beast
  3055 | D:5      | Reached skill level 6 in Maces & Flails
  3055 | D:5      | Reached XP level 7. HP: 37/44 MP: 7/7
  3160 | D:5      | Found Yworgham's Assorted Antiques.
  3166 | D:5      | Bought a potion of curing for 69 gold pieces
  3166 | D:5      | Bought a potion of curing for 69 gold pieces
  3166 | D:5      | Bought a scroll of identify for 46 gold pieces
  3214 | D:5      | Reached skill level 6 in Fighting
  3427 | D:5      | Reached skill level 7 in Maces & Flails
  3435 | D:5      | Found a transporter.
  3437 | D:5      | Noticed Stoves66's ghost (weakling GnDe)
  3559 | D:5      | Reached XP level 8. HP: 16/52 MP: 8/8
  3924 | D:6      | Found an opulent altar of Gozag.
  3927 | D:6      | Found a sacrificial altar of Ru.
  3949 | D:6      | Found a glowing golden altar of the Shining One.
  3954 | D:6      | Found a shimmering altar of Xom.
  4089 | D:6      | Reached skill level 8 in Maces & Flails
  4168 | D:6      | Found a radiant altar of Vehumet.
  4168 | D:6      | Found a burning altar of Makhleb.
  4168 | D:6      | Found an ornate altar of the Wu Jian Council.
  4217 | D:6      | Found a white marble altar of Elyvilon.
  4263 | D:6      | Reached skill level 7 in Fighting
  4345 | D:6      | Found an iron altar of Okawaru.
  4359 | D:6      | Became a worshipper of Warmaster Okawaru
  4587 | D:7      | Noticed a two-headed ogre
  4595 | D:7      | Killed a two-headed ogre
  4595 | D:7      | Reached * piety under Okawaru
  4596 | D:7      | Reached skill level 9 in Maces & Flails
  4596 | D:7      | Reached skill level 1 in Throwing
  4596 | D:7      | Reached skill level 4 in Armour
  4596 | D:7      | Reached skill level 2 in Invocations
  4596 | D:7      | Reached skill level 1 in Evocations
  4596 | D:7      | Reached XP level 9. HP: 53/57 MP: 8/10
  4633 | D:7      | Found Sebbiroiqi's Armour Emporium.
  4733 | D:7      | Reached ** piety under Okawaru
  4734 | D:7      | Reached skill level 2 in Throwing
  4734 | D:7      | Reached skill level 2 in Evocations
  5149 | D:7      | Found a staircase to the Ecumenical Temple.
  5471 | D:8      | Found Cohoxin's Distillery.
  5502 | D:8      | Found a runed translucent door.
  5508 | D:8      | Bought a potion of ambrosia for 112 gold pieces
  5508 | D:8      | Bought a potion of might for 56 gold pieces
  5508 | D:8      | Bought a potion of curing for 42 gold pieces
  5524 | D:8      | Found a broken altar of Ashenzari.
  5531 | D:8      | Noticed a hornet
  5540 | D:8      | Killed a hornet
  5541 | D:8      | Reached skill level 8 in Fighting
  5541 | D:8      | Reached skill level 3 in Invocations
  5627 | D:8      | Reached skill level 5 in Armour
  5643 | D:8      | Identified the +4 rapier "Dirghuwit" {flame, Int+3}
  5778 | D:8      | Reached *** piety under Okawaru
  5779 | D:8      | Reached skill level 10 in Maces & Flails
  5779 | D:8      | Reached skill level 3 in Throwing
  5779 | D:8      | Reached skill level 3 in Evocations
  5779 | D:8      | Reached XP level 10. HP: 57/64 MP: 12/12
  5882 | D:8      | Reached skill level 4 in Invocations
  6071 | D:8      | Found a runed translucent door.
  6071 | D:8      | Noticed a centaur warrior
  6071 | D:8      | Noticed a manticore
  6072 | D:8      | Found a runed translucent door.
  6098 | D:8      | Killed a manticore
  6098 | D:8      | Reached **** piety under Okawaru
  6100 | D:8      | Killed a centaur warrior
  6100 | D:8      | Received a gift from Okawaru
  6285 | D:8      | Noticed a cyclops
  6307 | D:8      | Reached skill level 6 in Armour
  6308 | D:8      | Noticed a boulder beetle
  6311 | D:8      | Reached skill level 4 in Throwing
  6311 | D:8      | Reached skill level 4 in Evocations
  6319 | D:8      | Killed a cyclops
  6319 | D:8      | Reached ***** piety under Okawaru
  6327 | D:8      | Killed a boulder beetle
  6328 | D:8      | Reached skill level 9 in Fighting
  6328 | D:8      | Reached skill level 11 in Maces & Flails
  6328 | D:8      | Reached skill level 5 in Invocations
  6328 | D:8      | Reached XP level 11. HP: 37/71 MP: 14/14
  6335 | D:8      | Noticed an orb spider
  6368 | D:8      | Noticed a five-headed hydra
  6379 | D:8      | Killed a five-headed hydra
  6393 | D:8      | Identified the +5 morningstar "Afekhlid" {freeze, *Noise
                  | Will++ Str+4}
  6393 | D:8      | Identified the +4 shortbow "Rawoiw" {elec, rElec}
  6399 | D:8      | Identified the +8 plate armour of the Hills {Rampage Will+
                  | Str-2 Slay+3} (Okawaru gifted it to you on level 8 of the
                  | Dungeon)
  6399 | D:8      | Received a gift from Okawaru
  6426 | D:8      | Noticed Psyche
  6436 | D:8      | HP: 1/71 [something (23)]
  6437 | D:8      | Slain by Psyche

Illustrated notes

Levels and vault maps discovered:
D:1:      evilmike_arrival_hilbert_curve, layout_basic,
          ebering_ecumenical_altar_rust, chequers_serial_rivers_small_3,
          grunt_decor_one_mirror
D:2:      layout_basic, uniq_robin
D:3:      layout_rooms, supply_closet_lemuel, nrook_mini_vaults, uniq_terence
D:4:      layout_loops_corners, nemelex_diamond_rough_becter,
          kennysheep_generic_room_5
D:5:      layout_cave_pods, serial_shops, kennysheep_little_box,
          nicolae_diamond_shop, shop, kennysheep_mini,
          gammafunk_ghost_mausoleum, minmay_fractal_squares_gapless_5
D:6:      layout_gridville, okawaru_altar_gauntlet_db, minitemple,
          grunt_temple_overflow_cloverleaf
D:7:      layout_basic, minmay_temple_entry_poolview, serial_shops,
          shop_fountains
D:8:      minmay_the_grid_triangle_9x9_rhombus_thin
          [minmay_the_grid_triangle_9x9_limited_checkers,
          minmay_the_grid_triangle_9x9_prize_schism,
          minmay_the_grid_triangle_9x9_fully_insulated_deathbox,
          minmay_the_grid_triangle_9x9_flanged_cone], layout_cave_pools,
          cheibrodos_ashenzari_chains, serial_shops, nicolae_stop_n_shop_2,
          reono_crystal_passage, kennysheep_generic_room_16, uniq_psyche

Skill      XL: |  1  2  3  4  5  6  7  8  9 10 |
---------------+-------------------------------+-----
Maces & Flails | 3 4 5 6 7 9 10 11 | 11.3
Fighting       | 4 5 6 7 8 9 |  9.2
Throwing       | 1 3 4 |  4.5
Armour         | 4 5 6 |  6.6
Invocations    | 2 3 5 |  5.3
Evocations     | 1 3 4 |  4.5
Shields        | |  3.2

Action                   |  1- 3 |  4- 6 |  7- 9 | 10-12 || total
-------------------------+-------+-------+-------+-------++-------
Melee: Flail             |   111 |    34 |       |       ||   145
       Mace              |       |    44 |       |       ||    44
       Whip              |       |    92 |   269 |   140 ||   501
Throw: Dart              |       |       |       |     3 ||     3
Invok: Heroism           |       |       |     1 |     7 ||     8
       Finesse           |       |       |       |     1 ||     1
Evoke: Wand              |       |       |     5 |     3 ||     8
  Use: Potion            |       |     2 |       |     2 ||     4
       Scroll            |       |     6 |     5 |       ||    11
 Stab: Paralysed         |       |       |       |    10 ||    10
       Confused          |       |       |       |     1 ||     1
Armor: Scale mail        |    87 |   105 |    78 |       ||   270
       Plate armour      |       |       |    28 |    63 ||    91
Dodge: Dodged            |    79 |    83 |    78 |    27 ||   267
Block: Buckler           |    17 |    32 |    50 |    30 ||   129

Table legend: (Time is in decaauts)
 A = Elapsed time spent in this place.
 B = Non-inter-level travel time spent in this place.
 C = Inter-level travel time spent in this place.
 D = Time resting spent in this place.
 E = Time spent auto-exploring this place.
 F = Levels seen in this place.
 G = Mean time per level.
                   A        B        C        D        E       F      G
               +--------+--------+--------+--------+--------+-----+--------+
         Total |   6338 |   6117 |    221 |    450 |   4237 |   8 |  792.2 |
       Dungeon |   6338 |   6117 |    221 |    450 |   4237 |   8 |  792.2 |
               +--------+--------+--------+--------+--------+-----+--------+

Top non-repeatable levels by time:
     D:5: 1019 daAuts
     D:7: 931 daAuts
     D:4: 908 daAuts
     D:8: 881 daAuts
     D:1: 833 daAuts
     D:2: 726 daAuts
     D:6: 607 daAuts
     D:3: 429 daAuts
